AoeStats
← vWave.

Lombardia

508570092Analyzed
2v2 RM · 8d ago on Sep 23, 2026· 80m 52s· 4 players
Game mode
Random Map
Map size
Medium (4 player)
Population
200
Speed
Normal
Resources
Standard
Victory
Conquest
Starting age
Dark Age
Ending age
Imperial Age
RankedLock teamsTeams togetherTeam positionsShared explorationLock speedFull tech treeHidden civsTurbo modeCheats
Victory
Defeat
🇨🇦 Varangians · Canada
985
+15
🇨🇦 Danes · Canada
904
+18
🇨🇦 Magyars · Canada
990
-18
🇺🇾 Teutons · Uruguay
915
-15
Who's_your_doggie?
3:25 Loom
11:45 Feudal Age
12:27 Double-Bit Axe
12:40 Horse Collar
14:15 Wheelbarrow
17:31 Town Watch
17:52 Scale Mail Armor
17:51 Gold Mining
18:41 Forging
20:34 Castle Age
20:29 Scale Barding Armor
22:07 Bow Saw
24:51 Chain Mail Armor
26:07 Arson
28:22 Hand Cart
29:27 Bloodlines
30:08 Husbandry
30:57 Heavy Plow
37:26 Fletching
37:50 Pikeman
39:47 Town Patrol
45:21 Imperial Age
43:31 Careening
43:20 Murder Holes
43:17 Vendel Legacy
45:11 Treadmill Crane
45:41 Heavy Scorpion
46:14 Cavalier
50:18 Elite Varangian Guard
51:30 Plate Mail Armor
51:33 Siege Engineers
52:54 Chain Barding Armor
54:22 Plate Barding Armor
55:27 Iron Casting
57:12 Halberdier
60:46 Blast Furnace
59:42 Bodkin Arrow
62:03 Light Cavalry
63:02 Guilds
64:20 Bracer
64:21 Padded Archer Armor
63:56 Elite Skirmisher
65:47 Capped Ram
71:58 Ballistics
71:53 Caravan
76:04 Leather Archer Armor
jimminybillybob
2:41 Loom
11:09 Feudal Age
11:29 Man-at-Arms
12:59 Double-Bit Axe
14:18 Arson
16:44 Wheelbarrow
21:37 Town Watch
22:22 Forging
24:15 Castle Age
23:35 Scale Mail Armor
25:20 Town Patrol
25:52 Hand Cart
25:00 Long Swordsman
25:42 Squires
31:05 Pikeman
37:58 Chain Mail Armor
39:20 Murder Holes
40:03 Iron Casting
42:18 Ballistics
42:48 Bow Saw
45:48 Imperial Age
43:46 Fletching
43:21 Hamask
48:22 Chemistry
49:03 Conscription
49:43 Bodkin Arrow
53:40 Blast Furnace
54:02 Elite Skirmisher
55:59 Thumb Ring
56:06 Thumb Ring
60:36 Halberdier
62:22 Elite Jomsviking
The Dog
2:21 Loom
12:10 Feudal Age
13:29 Double-Bit Axe
13:28 Horse Collar
22:19 Fletching
22:34 Padded Archer Armor
24:53 Castle Age
23:49 Bloodlines
25:20 Gold Mining
25:21 Stone Mining
25:42 Thumb Ring
25:05 Light Cavalry
27:00 Bodkin Arrow
29:08 Wheelbarrow
28:18 Town Watch
28:39 Husbandry
30:25 Heavy Plow
30:59 Leather Archer Armor
33:13 Scale Barding Armor
34:54 Hand Cart
37:50 Ballistics
43:32 Imperial Age
43:28 Coinage
43:00 Caravan
44:46 Parthian Tactics
45:03 Heavy Cavalry Archer
46:11 Conscription
45:59 Bracer
46:31 Recurve Bow
48:47 Chemistry
48:07 Corvinian Army
49:40 Ring Archer Armor
49:22 Elite Magyar Huszar
51:49 Bow Saw
53:00 Murder Holes
53:17 Masonry
71:04 Hussar
73:15 Hoardings
vWave.
6:55 Loom
13:18 Feudal Age
14:10 Double-Bit Axe
24:22 Bloodlines
29:08 Castle Age
28:27 Scale Barding Armor
30:23 Wheelbarrow
33:12 Bow Saw
33:35 Chain Barding Armor
33:09 Gold Mining
34:09 Town Watch
51:57 Imperial Age
53:57 Cavalier
56:33 Plate Barding Armor
Connection lost

Rejoining the realm…

Still unreachable

The connection could not be restored.

Session expired

The server has moved on; the page needs a fresh start.